 Dungeon Crawl Stone Soup version 0.30-a0-857-gcaf70739d4 (webtiles) character file.

Game seed: 13758741609836739394

38 hndcvy the Cudgeller (level 3, -6/22 HPs)
             Began as a Gargoyle Gladiator on Mar 5, 2023.
             Mangled by Sigmund
             ... wielding a +0 scythe
              (9 damage)
             ... on level 3 of the Dungeon.
             The game lasted 00:12:39 (1217 turns).

hndcvy the Cudgeller (Gargoyle Gladiator)           Turns: 1217, Time: 00:12:40

Health: -6/22      AC: 10    Str: 19    XL:     3   Next: 43%
Magic:  3/3        EV: 10    Int:  8    God:
Gold:   67         SH:  0    Dex: 11    Spells: 2/2 levels left

rFire   . . .      SeeInvis .    a - +0 flail
rCold   . . .      Faith    .    (no shield)
rNeg    + . .      Spirit   .    g - +0 scale mail
rPois   ∞          Reflect  .    c - +0 helmet
rElec   +          Rampage  .    (no cloak)
rCorr   .                        (no gloves)
Will    .....                    (no boots) Stlth
                                 (no amulet)
HPRegen 0.23/turn                (no ring)
MPRegen 0.08/turn                (no ring)

@: no status effects
A: sickness immunity, AC +3, negative energy resistance 1, electricity
resistance, torment resistance 1, petrification resistance
a: no special abilities


You were on level 3 of the Dungeon.
You visited 1 branch of the dungeon, and saw 3 of its levels.

You collected 67 gold pieces.

Inventory:

Hand Weapons
 a - a +0 flail (weapon)
 h - a +0 club
 i - a +0 club
 j - a +0 whip
 l - a +0 sling
 n - a +0 short sword
 q - a +0 dagger
 r - a +0 dagger
 s - a +0 whip
Missiles
 d - 3 throwing nets (quivered)
 e - a javelin
 f - 12 stones
Armour
 b - a +0 leather armour
 c - a +0 helmet (worn)
 g - a +0 scale mail (worn)
 o - a +0 leather armour
 p - a +0 ring mail
Scrolls
 m - a scroll of noise {unknown}
Potions
 k - a potion of curing {unknown}


   Skills:
 + Level 2.4 Fighting
 + Level 3.6 Maces & Flails
 + Level 2.0 Throwing
 + Level 0.4 Armour
 + Level 2.8 Dodging


You had 2 spell levels left.
You didn't know any spells.
Your spell library was empty.

Dungeon Overview and Level Annotations

Branches:
Dungeon (3/15)

Altars:

Annotations:
D:3 Sigmund


Innate Abilities, Weirdness & Mutations

You are immune to sickness and miasma.
Your stone body is resilient. (AC +3)
You are immune to poison.
You resist negative energy. (rN+)
You are resistant to electric shocks. (rElec)
You are resistant to unholy torment.
You are immune to petrification.


Message History

Sigmund says, "Now you see me, now you don't..."
Sigmund points at you and mumbles some strange words.
The puff of flame hits you but does no damage.
Sigmund points at you and mumbles some strange words.
You are confused.
Sigmund gestures at you while chanting. You resist with significant effort.
Sigmund drinks a potion.
Sigmund seems to speed up.
You bump into the rock wall.
Sigmund casts a spell at you.
You are more confused.
You're too confused to move!
Sigmund gestures at you while chanting. The puff of flame misses you.
You bump into the rock wall.
Sigmund hits you from afar with a +0 scythe.
Sigmund barely misses you.
You bump into the rock wall.
Sigmund hits you but does no damage.
You bump into the rock wall.
Sigmund barely misses you. Sigmund hits you with a +0 scythe!
You miss Sigmund.
You feel less confused. Sigmund completely misses you.
Sigmund points at you and mumbles some strange words.
The puff of flame hits you but does no damage.
You barely miss Sigmund. Sigmund misses you.
You closely miss Sigmund. Sigmund barely misses you.
You closely miss Sigmund. Sigmund hits you but does no damage.
Sigmund hits you with a +0 scythe.
* * * LOW HITPOINT WARNING * * *
You hit Sigmund but do no damage. Sigmund hits you but does no damage.
You hit Sigmund but do no damage. Sigmund hits you but does no damage.
You sock Sigmund!
Sigmund is heavily wounded.
Sigmund hits you with a +0 scythe.
* * * LOW HITPOINT WARNING * * *
You hit Sigmund.
Sigmund is severely wounded.
Sigmund hits you with a +0 scythe!
You die...

.#. ♣♣ #.# ♣)♣♣
#.# ♣♣.♣♣ #.###
♣...♣♣ ##.#.
♣....♣ ... #....#
#@# #
#+..'#####@#.###
###..............#
#....<...#######.#
#.#####..# #. #..#
# #..# #..# #..#
#..#


You could see Sigmund (fast).

Vanquished Creatures
  An adder (D:2)
  A worm (D:2)
  3 ball pythons (D:1)
  3 endoplasms
  A giant cockroach (D:1)
  2 goblins
  4 hobgoblins
  A quokka (D:1)
  2 bats (D:1)
  2 frilled lizards (D:1)
  4 kobolds
  2 rats (D:1)
26 creatures vanquished.

Vanquished Creatures (others)
  A fungus (D:1)
1 creature vanquished.

Grand Total: 27 creatures vanquished

Notes
Turn   | Place    | Note
-------+----------+-------------------------------------------
     0 | D:1      | hndcvy the Gargoyle Gladiator began the quest for the Orb.
     0 | D:1      | Reached XP level 1. HP: 12/12 MP: 1/1
   405 | D:1      | Reached XP level 2. HP: 12/17 MP: 2/2
   501 | D:2      | Reached XP level 3. HP: 8/22 MP: 3/3
   664 | D:1      | Found a faded altar of an unknown god.
  1198 | D:3      | Noticed Sigmund
  1217 | D:3      | Mangled by Sigmund

Illustrated notes

Levels and vault maps discovered:
D:1:      onia_arrival_mini_maze, layout_basic,
          hellmonk_ecumenical_altar_arch_garden, grunt_decor_junction
D:2:      layout_loops_ring, uniq_robin
D:3:      layout_loops_ring, nicolae_overflow_hidden_temple,
          gammafunk_ghost_grave, uniq_crazy_yiuf_cottage, uniq_sigmund,
          uniq_ijyb

Skill      XL: |  1  2 |
---------------+-------+-----
Throwing       | 2 |  2.0
Fighting       | |  2.4
Maces & Flails | |  3.6
Armour         | |  0.4
Dodging        | |  2.8

Action                     || total
---------------------------++-------
  Melee: Flail             ||   110
         Punch             ||     1
    Use: Scroll            ||     1
 Armour: Scale mail        ||    69
  Dodge: Dodged            ||    63

Table legend: (Time is in decaauts)
 A = Elapsed time spent in this place.
 B = Non-inter-level travel time spent in this place.
 C = Inter-level travel time spent in this place.
 D = Time resting spent in this place.
 E = Time spent auto-exploring this place.
 F = Levels seen in this place.
 G = Mean time per level.
                   A        B        C        D        E       F      G
               +--------+--------+--------+--------+--------+-----+--------+
         Total |   1242 |   1161 |     81 |      0 |      0 |   3 |  414.0 |
       Dungeon |   1242 |   1161 |     81 |      0 |      0 |   3 |  414.0 |
               +--------+--------+--------+--------+--------+-----+--------+

Top non-repeatable levels by time:
     D:1: 1006 daAuts
     D:2: 195 daAuts
     D:3: 40 daAuts
